 Dungeon Crawl Stone Soup version 0.28.0 (console) character file.

Game seed: 723101764851139172

151 ryathie the Skirmisher (level 5, -6/34 HPs)
             Began as a Gargoyle Fighter on Feb 17, 2022.
             Was an Initiate of the Shining One.
             Mangled by an ogre (10 damage)
             ... on level 4 of the Dungeon.
             The game lasted 00:03:13 (749 turns).

ryathie the Skirmisher (Gargoyle Fighter)            Turns: 749, Time: 00:03:14

Health: -6/34      AC: 10    Str: 20    XL:     5   Next: 33%
Magic:  5/5        EV:  9    Int:  8    God:    the Shining One [......]
Gold:   51         SH:  4    Dex: 11    Spells: 4/4 levels left

rFire   . . .      SeeInvis .   a - +0 war axe
rCold   . . .      Faith    .   c - +0 buckler
rNeg    + . .      Spirit   .   b - +0 scale mail
rPois   ∞          Reflect  .   (no helmet)
rElec   +          Harm     .   (no cloak)
rCorr   .          Rampage  .   (no gloves)
Will    .....                   (no boots)
Stlth   ..........              (no amulet)
HPRegen 0.11/turn               (no ring)
MPRegen 0.09/turn               (no ring)

@: glowing
A: sickness immunity, AC +4, negative energy resistance 1, electricity
resistance, torment resistance 1, petrification resistance
a: Renounce Religion


You were on level 4 of the Dungeon.
You worshipped the Shining One.
The Shining One was noncommittal.
You visited 2 branches of the dungeon, and saw 5 of its levels.

You collected 51 gold pieces.

Inventory:

Hand Weapons
 a - a +0 war axe (weapon)
Armour
 b - a +0 scale mail (worn)
 c - a +0 buckler (worn)
Scrolls
 f - 2 scrolls of summoning {unknown}
 g - a scroll of magic mapping {unknown}
 i - a scroll of amnesia {unknown}
Potions
 d - a potion of might
 h - a potion of heal wounds
 j - a potion of flight
 k - a potion of ambrosia


   Skills:
 + Level 4.8 Fighting
 + Level 3.3 Axes
 + Level 1.6 Throwing
 - Level 3.2 Armour
 - Level 3.2 Shields


You had 4 spell levels left.
You didn't know any spells.
Your spell library was empty.

Dungeon Overview and Level Annotations

Branches:
Dungeon (4/15)             Temple (1/1) D:4

Altars:
Hepliaklqana
Kikubaaqudgha
Qazlal
Trog
Yredelemnul
The Shining One


Innate Abilities, Weirdness & Mutations

You are immune to sickness and miasma.
Your stone body is resilient. (AC +4)
You are immune to poison.
You resist negative energy. (rN+)
You are resistant to electric shocks. (rElec)
You are resistant to unholy torment.
You are immune to petrification.


Message History

The endoplasm moves out of view.
You slash the endoplasm!
You kill the endoplasm!
An ogre comes into view. It is wielding a +0 giant spiked club.
The ogre shouts!
Throw: 3 darts (poison)
Press: ? - help, Q - select action Shift-Dir - straight line, f - ogre
Aim: an ogre, wielding a +0 giant spiked club (73% to hit)
You throw a poisoned dart. The poisoned dart hits the ogre.
The ogre is poisoned.
Throw: 2 darts (poison)
Press: ? - help, Q - select action Shift-Dir - straight line, f/p - ogre
Aim: an ogre, wielding a +0 giant spiked club (lightly wounded, poisoned, 73% to hit)
You throw a poisoned dart.
The poisoned dart barely misses the ogre.
Throw: dart (poison)
Press: ? - help, Q - select action Shift-Dir - straight line, f/p - ogre
Aim: an ogre, wielding a +0 giant spiked club (lightly wounded, poisoned, 73% to hit)
You throw a poisoned dart. The poisoned dart hits the ogre.
The ogre looks even sicker.
The ogre is lightly wounded.
You hit the ogre.
The ogre is moderately wounded.
The ogre hits you with a +0 giant spiked club!
You hit the ogre but do no damage.
The ogre is moderately wounded.
The ogre closely misses you.
You slash the ogre!
The ogre is almost dead.
You block the ogre's attack.
You hit the ogre but do no damage.
The ogre is almost dead.
The ogre hits you with a +0 giant spiked club!!
Ouch! That really hurt!
* * * LOW HITPOINT WARNING * * *
A dart slug comes into view.
You hit the ogre but do no damage.
The ogre is almost dead.
The ogre hits you with a +0 giant spiked club!
You die...

#.......#.....#
.......##.#.###
#.#######.#.# .
..........# #
#######.#.# #.#
#######.#.#
..............#
#.#..####.#.#.####
...(..(O@..........
....#.......######
............##
.......##...#
.w...#. #.###
#.#..#. #.. # #. #.
..## . .. ..# .. ..
..#


You could see an ogre (poisoned) and a dart slug.

Vanquished Creatures
  A centaur (D:4)
  A centaur zombie (D:4)
  2 adders (D:3)
  2 dart slugs
  2 endoplasms
  2 giant cockroaches
  A goblin (D:1)
  2 hobgoblins
  A kobold (D:4)
  A quokka (D:3)
  4 ball pythons
  A bat (D:3)
  A frilled lizard (D:2)
  2 rats (D:1)
23 creatures vanquished.

Notes
Turn   | Place    | Note
-------+----------+-------------------------------------------
     0 | D:1      | ryathie the Gargoyle Fighter began the quest for the Orb.
     0 | D:1      | Reached XP level 1. HP: 14/14 MP: 1/1
    78 | D:2      | Reached XP level 2. HP: 19/19 MP: 2/2
   216 | D:3      | Reached skill level 4 in Fighting
   216 | D:3      | Reached XP level 3. HP: 22/24 MP: 3/3
   364 | D:4      | Found a staircase to the Ecumenical Temple.
   373 | Temple   | Entered the Ecumenical Temple
   396 | Temple   | Became a worshipper of the Shining One
   481 | D:4      | Noticed a centaur
   497 | D:4      | Killed a centaur
   498 | D:4      | Reached skill level 1 in Throwing
   498 | D:4      | Reached XP level 4. HP: 8/30 MP: 4/4
   498 | D:4      | Reached XP level 5. HP: 9/34 MP: 5/5
   739 | D:4      | Noticed an ogre
   749 | D:4      | Mangled by an ogre

Illustrated notes

Levels and vault maps discovered:
D:1:      lightli_arrival_chessboard, layout_loops_cross
D:2:      layout_loops_ring
D:3:      layout_basic, serial_glass, glass_columns_a, glass_columns_b,
          glass_columns_c
D:4:      layout_basic, temple_pool_b, kennysheep_generic_room_4, uniq_sigmund
Temple:   kb_temple_of_zot

Skill      XL: |  1  2  3 |
---------------+----------+-----
Axes           | 2 3 |  3.3
Fighting       | 4 |  4.8
Throwing       | 1 |  1.6
Armour         | |  3.2
Shields        | |  3.2

Action                   |  1- 3 |  4- 6 || total
-------------------------+-------+-------++-------
Melee: War axe           |    57 |    12 ||    69
Throw: Dart              |       |     3 ||     3
  Use: Scroll            |     3 |       ||     3
Armor: Scale mail        |    35 |     5 ||    40
Dodge: Dodged            |    30 |    10 ||    40
Block: Buckler           |    19 |     3 ||    22
